 Dungeon Crawl Stone Soup version 0.31.0-11-ge490571c62 (webtiles) character file.

Game seed: 5768689642229139055

875 Goblin1989 the Sneak (level 7, 0/55 HPs)
             Began as a Demonspawn Delver on Feb 9, 2024.
             Was a Believer of Wu Jian.
             Slain by an orc warrior
             ... wielding a +1 halberd of protection
              (5 damage)
             ... on level 6 of the Dungeon.
             The game lasted 00:13:24 (4908 turns).

Goblin1989 the Sneak (Demonspawn Delver)            Turns: 4908, Time: 00:13:24

Health: 0/55       AC:  9    Str: 10 (12) XL:     7   Next: 74%
Magic:  7/7        EV: 10    Int:  6 (7)  God:    Wu Jian [**....]
Gold:   300        SH:  4    Dex: 23 (25) Spells: 6/6 levels left

rFire   . . .        a - +0 short sword
rCold   + . .        (no shield)
rNeg    . . .        x - +0 scale mail
rPois   .            (no helmet)
rElec   +            (no cloak)
rCorr   +            m - +2 pair of gloves of Darkness {rElec rCorr Int-3 Dex+8 Stlth-}
SInv    .            (no boots)
Will    .....        C - amulet of the Freezing Orange {Faith rCorr}
Stlth   +            p - ring of protection from cold
HPRegen 0.29/turn    (no ring)
MPRegen 0.10/turn

%: faith
@: no status effects
A: claws 1, demonic guardian 2, condensation shield
a: Renounce Religion, Wall Jump


You were on level 6 of the Dungeon.
You worshipped Wu Jian.
Wu Jian was pleased with you.
You visited 1 branch of the dungeon, and saw 6 of its levels.

You collected 300 gold pieces.

Inventory:

Hand Weapons
 a - a +0 short sword (weapon)
 A - a +3 dagger
 B - a +1 short sword of draining
Missiles
 H - a throwing net (quivered) {!d , @Q1}
Armour
 m - the +2 pair of gloves of Darkness (worn) {rElec rCorr Int-3 Dex+8 Stlth-}
   (You found it on level 3 of the Dungeon)

   Int-3:     It affects your intelligence (-3).
   Dex+8:     It affects your dexterity (+8).
   rElec:     It insulates you from electricity.
   rCorr:     It protects you from acid and corrosion.
   Stlth-:    It makes you less stealthy.
 x - a +0 scale mail (worn)
Magical Staves
 l - a staff of cold
Jewellery
 p - a ring of protection from cold (left hand)
 C - the amulet of the Freezing Orange (around neck) {Faith rCorr}
   (You found it on level 4 of the Dungeon)

   [amulet of faith]

   Faith:     It allows you to gain divine favour quickly.
   rCorr:     It protects you from acid and corrosion.
 D - a ring of protection from cold
Wands
 g - a wand of digging (2) {@v3}
Scrolls
 c - a scroll of fog
 d - a scroll of revelation
 e - 2 scrolls of fear
 h - a scroll of enchant weapon {unknown}
 j - 3 scrolls of silence {unknown}
 k - a scroll of enchant armour {unknown}
 n - 2 scrolls of teleportation {unknown}
 o - a scroll of vulnerability {unknown}
 q - 4 scrolls of identify {unknown}
 s - a scroll of summoning {unknown}
 v - a scroll of blinking {unknown}
 y - a scroll of poison {unknown}
 z - a scroll of amnesia {unknown}
 E - a scroll of immolation
Potions
 f - a potion of haste {@q3,}
 i - 2 potions of degeneration
 t - 3 potions of curing {@q1}
 u - a potion of mutation {unknown}
 w - a potion of enlightenment {unknown}
 F - a potion of lignification {unknown}


   Skills:
 + Level 4.3 Fighting
 - Level 1.7 Short Blades
 + Level 2.7 Armour
 + Level 3.4 Dodging
 - Level 5.4 Stealth
 * Level 5.2 Unarmed Combat


You had 6 spell levels left.
You didn't know any spells.
Your spell library contained the following spells:

 Spells                   Type           Power      Damage    Failure   Level
 Kiss of Death            Conj/Necr      0%         2d5       97%         1
 Call Imp                 Summ           0%         N/A       99%         2
 Sublimation of Blood     Necr           0%         N/A       99%         2
 Confusing Touch          Hex            0%         N/A       100%        3
 Dispel Undead            Necr           0%         3d6       100%        4
 Summon Hydra             Summ           0%         N/A       100%        7


Dungeon Overview and Level Annotations

Branches:
Dungeon (6/15) Zot: 26446
 Temple: D:4-7

Altars:
Ashenzari
Ru
Trog
Wu Jian

Shops:
D:5 (=!

Annotations:
D:3 1 runed translucent door, Crazy Yiuf
D:4 Ashen's ghost, novice TrSh
D:5 exclusion: black bear


Innate Abilities, Weirdness & Mutations

You have sharp fingernails.
A demonic guardian rushes to your aid.
A meltable shield of frost defends you. (SH +4)


Message History

Your orange demon stings the orc warrior.
Your orange demon closely misses the orc warrior.
The orc warrior closely misses your orange demon.
Your orange demon closely misses the orc warrior.
Your orange demon hits the orc warrior but does no damage.
The orc warrior hits your orange demon with a +1 halberd of protection!
What are your orders? t - Shout!
Orders for allies: a - Attack new target. r - Retreat! s - Stop attacking. g - Guard the area. f - Follow me.
Anything else - Cancel.
Gang up on whom?
Press: ? - help, Dir - move target, f - orc warrior
Aim: an orc warrior, wielding a +1 halberd of protection and wearing a +0 chain mail (lightly wounded, ally target) Attack!
Your orange demon stings the orc warrior but does no damage.
Your orange demon misses the orc warrior.
The orc warrior hits your orange demon with a +1 halberd of protection!
Your orange demon dies!
Your orange demon disappears in a puff of smoke!
The orc warrior shouts!
You hear a shout!
Press: ? - help, v - describe, . - travel
Here: an orc warrior, wielding a +1 halberd of protection and wearing a +0 chain mail (lightly wounded)
The floor.
Unknown command.
There is a stone staircase leading up here.
You climb upwards.
Level annotation: exclusion: black bear
There is a stone staircase leading down here.
You start resting.
HP restored.
Health restored: 55 You climb downwards.
The orc warrior hits you from afar with a +1 halberd of protection.
The orc warrior hits you from afar with a +1 halberd of protection!
There is a stone staircase leading up, spattered with blood here.
You take 12 damage, and have 43/55 hp.
MASSIVE DAMAGE!!
You lunge at the orc warrior.
You hit the orc warrior.
The orc warrior is lightly wounded.
The orc warrior hits you with a +1 halberd of protection!
You take 10 damage, and have 33/55 hp.
You hit the orc warrior but do no damage.
The orc warrior is lightly wounded.
An orc wizard comes into view. It is wielding a +0 dagger.
The orc warrior barely misses you.
You hit the orc warrior but do no damage.
The orc warrior is lightly wounded.
You hit the orc.
The orc is heavily wounded.
The orc wizard gestures wildly while chanting.
The orc wizard flickers and vanishes!
Deactivating autopickup; reactivate with Ctrl-A.
The orc closely misses you. You block the orc warrior's attack.
You hit the orc.
You kill the orc!
The Council accepts your kill. The orc warrior closely misses you.
You spin and attack the orc warrior.
You closely miss the orc warrior.
The orc warrior is lightly wounded.
The orc warrior barely misses you.
Things that are here:
a +0 short sword; a +0 leather armour; an orc corpse You barely miss the orc warrior.
The orc warrior is lightly wounded.
You block the orc warrior's attack.
You hit the orc warrior but do no damage.
The orc warrior is lightly wounded.
You barely miss the orc warrior.
The orc warrior is lightly wounded.
You block the orc warrior's attack.
You hit the orc warrior.
The orc warrior is lightly wounded.
You block something's attack. The orc warrior closely misses you.
You barely miss the orc warrior.
The orc warrior is lightly wounded.
Something hits you.
The orc warrior hits you with a +1 halberd of protection.
A demonic guardian appears!
You take 8 damage, and have 27/55 hp.
You hit the orc warrior but do no damage.
The orc warrior is lightly wounded.
Something hits you but does no damage.
The orc warrior hits you with a +1 halberd of protection!
* * * LOW HITPOINT WARNING * * *
You take 13 damage, and have 14/55 hp.
MASSIVE DAMAGE!!
You hit the orc warrior but do no damage.
The orc warrior is lightly wounded.
Something hits you but does no damage.
The orc warrior hits you with a +1 halberd of protection!
* * * LOW HITPOINT WARNING * * *
You take 9 damage, and have 5/55 hp.
You hit the orc warrior but do no damage.
The orc warrior is lightly wounded.
Your rust devil hits the orc warrior.
Your rust devil corrodes the orc warrior!
Something hits you but does no damage.
The orc warrior hits you with a +1 halberd of protection.
You die... ██........█ █........█ ████████

██...██████ ..>....███
█....█ .........█
█....█ .........█
██.█.██ ....<....██
█..█.█ ..........█
█.██.█
.....>....███.██@██████
..........██...4o.....█
███...........<.......█
......................█
██████.█████..........█
█.█ █..........█ █..
█..........█ ..
..........[.█ █
█........█████


You could see an orc warrior (corroded, ally target) and a friendly rust devil
(summoned).

Vanquished Creatures
  A water moccasin (D:6)
  A sky beast (D:6)
  A centaur (D:6)
  A scorpion (D:6)
  An orc priest (D:5)
  3 hounds
  An iguana (D:5)
  A gnoll (D:2)
  10 adders
  5 dart slugs
  A ribbon worm (D:4)
  4 orcs
  10 endoplasms
  7 giant cockroaches
  7 hobgoblins
  8 jackals
  3 quokkas
  6 ball pythons
  5 bats
  4 frilled lizards
  9 goblins
  5 kobolds
  8 rats
102 creatures vanquished.

Vanquished Creatures (collateral kills)
  A black bear (D:6)
  2 orc priests (D:6)
  An iguana (D:4)
  Robin (D:4)
  A giant cockroach (D:4)
  A goblin (D:4)
7 creatures vanquished.

Grand Total: 109 creatures vanquished

Notes
Turn   | Place    | Note
-------+----------+-------------------------------------------
     0 | D:5      | Goblin1989 the Demonspawn Delver began the quest for the
                  | Orb.
     0 | D:5      | Reached XP level 1. HP: 18/18 MP: 1/1
     0 | D:5      | Found Toso's Jewellery Shop.
     0 | D:5      | Found Saluej's Distillery.
     2 | D:5      | Found Epucuw's Weapon Shop.
    23 | D:5      | Noticed a black bear
   263 | D:3      | Reached skill level 5 in Stealth
   263 | D:3      | Gained mutation: A weak demonic guardian rushes to your
                  | aid. [demonic ancestry]
   263 | D:3      | Reached XP level 2. HP: 24/24 MP: 2/2
   299 | D:3      | Identified the +2 pair of gloves of Darkness {rElec rCorr
                  | Int-3 Dex+8 Stlth-}
   310 | D:3      | Found a sacrificial altar of Ru.
   310 | D:3      | Found an ornate altar of the Wu Jian Council.
   311 | D:3      | Found a broken altar of Ashenzari.
   318 | D:3      | Became a worshipper of the Wu Jian Council
   463 | D:3      | Gained mutation: You have sharp fingernails. [demonic
                  | ancestry]
   463 | D:3      | Reached XP level 3. HP: 9/29 MP: 3/3
   641 | D:3      | Found a runed translucent door.
   642 | D:3      | Noticed Crazy Yiuf
   830 | D:2      | Reached skill level 1 in Unarmed Combat
  1180 | D:1      | Reached * piety under Wu Jian
  1360 | D:2      | Reached XP level 4. HP: 35/35 MP: 4/4
  2403 | D:4      | Gained mutation: A demonic guardian rushes to your aid.
                  | [demonic ancestry]
  2403 | D:4      | Reached XP level 5. HP: 32/41 MP: 5/5
  2500 | D:4      | Reached ** piety under Wu Jian
  2936 | D:4      | Noticed Robin
  2954 | D:4      | Killed Robin
  2960 | D:4      | Found a runed translucent door.
  2962 | D:4      | Reached skill level 1 in Armour
  3037 | D:4      | Noticed Ashen's ghost (novice TrSh)
  3158 | D:4      | Noticed a moth of wrath
  3160 | D:4      | Found a bloodstained altar of Trog.
  3806 | D:4      | Identified the amulet of the Freezing Orange {Faith rCorr}
  3862 | D:5      | Reached XP level 6. HP: 47/47 MP: 6/6
  4483 | D:6      | Gained mutation: A meltable shield of frost defends you.
                  | (SH +4) [demonic ancestry]
  4483 | D:6      | Reached XP level 7. HP: 38/53 MP: 7/7
  4738 | D:6      | Reached skill level 5 in Unarmed Combat
  4908 | D:6      | Slain by an orc warrior

Illustrated notes

Levels and vault maps discovered:
D:1:      wander_arrival_estate, layout_rooms, minmay_misc_feat_five,
          st_stairs_5
D:2:      layout_basic, minmay_indecisive_spiral
D:3:      layout_loops_ring, gammafunk_temple_overflow_claw,
          uniq_crazy_yiuf_cottage
D:4:      layout_basic, tgw_trog, ebering_ghost_inner_flame, solitary_fountain,
          uniq_robin
D:5:      layout_cave_pools, nicolae_shop_distant_corner_stores
D:6:      layout_rooms, minmay_temple_entry_poolview

Skill      XL: |  1  2  3  4  5  6  7 |
---------------+----------------------+-----
Stealth        | 5 |  5.4
Unarmed Combat | 2 3 4 5 |  5.2
Dodging        | 2 3 |  3.4
Armour         | 1 2 |  2.7
Fighting       | 4 |  4.3
Short Blades   | |  1.7

Action                     |  1- 3 |  4- 6 |  7- 9 || total
---------------------------+-------+-------+-------++-------
  Melee: Short sword       |   177 |   248 |    65 ||   490
         Punch             |     4 |     4 |     1 ||     9
Ability: Lunge             |     6 |    17 |     3 ||    26
         Whirlwind         |       |     7 |     1 ||     8
  Evoke: Wand              |       |     1 |       ||     1
    Use: Potion            |       |     1 |     3 ||     4
   Stab: Sleeping          |     6 |    11 |       ||    17
         Distracted        |     1 |     3 |       ||     4
 Armour: Leather armour    |    88 |   115 |       ||   203
         Scale mail        |       |    40 |    72 ||   112
  Dodge: Dodged            |    92 |   150 |    33 ||   275
  Block: Other             |       |       |    18 ||    18
